 Dungeon Crawl Stone Soup version 0.30.0-17-ge0270778cf (webtiles) character file.

Game seed: 13029924854290515512

28 Firecrotchwizard the Chopper (level 3, -7/33 HPs)
             Began as a Hill Orc Monk on May 21, 2023.
             Killed from afar by Ijyb (11 damage)
             ... with a bolt of dispelling energy
             ... on level 3 of the Dungeon.
             The game lasted 00:01:53 (568 turns).

Firecrotchwizard the Chopper (Hill Orc Monk)         Turns: 568, Time: 00:01:54

Health: -7/33      AC:  3    Str: 15    XL:     3   Next: 12%
Magic:  3/3        EV: 12    Int: 10    God:
Gold:   12         SH:  0    Dex: 13    Spells: 2/2 levels left

rFire   . . .        a - +0 hand axe
rCold   . . .        d - orb {light}
rNeg    . . .        b - +0 robe
rPois   .            g - +0 helmet
rElec   .            (no cloak)
rCorr   .            (no gloves)
SInv    .            (no boots)
Will    .....        (no amulet)
Stlth   +            (no ring)
HPRegen 0.25/turn    (no ring)
MPRegen 0.08/turn

%: no passive effects
@: glowing
A: no striking features
a: no special abilities


You were on level 3 of the Dungeon.
You visited 1 branch of the dungeon, and saw 3 of its levels.

You collected 12 gold pieces.

Inventory:

Hand Weapons
 a - a +0 hand axe (weapon)
Armour
 b - a +0 robe (worn)
 d - an orb of light (worn)
 f - a +0 chain mail
 g - a +0 helmet (worn)
Potions
 c - a potion of ambrosia
 e - 2 potions of attraction {unknown}
 h - a potion of heal wounds {unknown}
 i - a potion of brilliance {unknown}


   Skills:
 + Level 4.0 Fighting
 * Level 4.8 Axes
 + Level 2.7 Dodging


You had 2 spell levels left.
You didn't know any spells.
Your spell library was empty.

Dungeon Overview and Level Annotations

Branches:
Dungeon (3/15)

Altars:

Annotations:
D:3 Ijyb


Message History

You barely miss the rat. The rat barely misses you.
You hit the rat.
You kill the rat!
The frilled lizard bites you.
You hit the frilled lizard.
You kill the frilled lizard!
No target in view!
You climb downwards.
There is a stone staircase leading up here.
There are monsters nearby!
The quokka barely misses you.
You closely miss the quokka. The quokka barely misses you.
A rat comes into view.
You hit the quokka but do no damage. The quokka completely misses you.
You hit the quokka.
You kill the quokka!
You hit the quokka. The quokka barely misses you.
You have reached level 3!
Your experience leads to an increase in your attributes!
Increase (s)trength, (i)ntelligence, or (d)exterity?
You feel stronger. x2
You hit the quokka but do no damage.
The quokka is almost dead.
The quokka closely misses you. The quokka misses you.
You hit the quokka.
You kill the quokka!
You hit the rat but do no damage. The rat closely misses you.
You slash the rat!
You kill the rat!
No target in view!
A giant cockroach comes into view.
The giant cockroach bites you but does no damage.
You hit the giant cockroach but do no damage.
The giant cockroach bites you but does no damage.
You hit the giant cockroach.
The giant cockroach is heavily wounded.
The giant cockroach closely misses you.
You hit the giant cockroach.
You kill the giant cockroach!
No target in view!
i - a bubbling emerald potion Ijyb the Twisted Goblin comes into view.
She is wielding a +0 club and carrying a wand of quicksilver (13).
Ijyb shouts!
You hear a shout!
Ijyb zaps a wand.
The bolt of dispelling energy misses you.
You start waiting.
Ijyb is nearby!
Ijyb closely misses you.
A kobold comes into view. It is wielding a +0 club.
You hit Ijyb but do no damage. Ijyb hits you with a +0 club.
You barely miss Ijyb. Ijyb hits you with a +0 club.
You hit Ijyb.
Ijyb is lightly wounded.
Ijyb zaps a wand.
The bolt of dispelling energy hits you!
You barely miss Ijyb.
Ijyb is lightly wounded.
Ijyb hits you with a +0 club.
* * * LOW HITPOINT WARNING * * *
You are too injured to fight recklessly!
Unknown command.
You are too injured to fight recklessly!
Unknown command.
You are too injured to fight recklessly!
Unknown command.
You are too injured to fight recklessly!
Unknown command.
You are too injured to fight recklessly!
You hit Ijyb but do no damage.
Ijyb is lightly wounded.
Ijyb hits you with a +0 club.
* * * LOW HITPOINT WARNING * * *
You barely miss Ijyb.
Ijyb is lightly wounded.
Ijyb barely misses you.
You hit Ijyb.
Ijyb is moderately wounded.
Ijyb closely misses you. Ijyb hits you with a +0 club.
* * * LOW HITPOINT WARNING * * *
You hit Ijyb but do no damage.
Ijyb is moderately wounded.
Ijyb barely misses you.
Unknown command.
You barely miss Ijyb.
Ijyb is moderately wounded.
Ijyb hits you with a +0 club.
* * * LOW HITPOINT WARNING * * *
You hit Ijyb.
Ijyb is moderately wounded.
Ijyb hits you with a +0 club.
* * * LOW HITPOINT WARNING * * *
You hit Ijyb.
Ijyb is heavily wounded.
Ijyb zaps a wand.
The bolt of dispelling energy misses you.
You hit Ijyb.
Ijyb is heavily wounded.
Ijyb zaps a wand.
The bolt of dispelling energy hits you!
You die...

#.###...#####........#
#.#...†..............#
#.#.#.#######..<...###.
#.#.#..................
#.#...#######...#######
#.#.....#....†........
#.#.#.#.#.......######
#.#...#.#.......#
#.....@.#.......#
#######g#.......#
K#.......# .#.#######
.# .# ##


You could see Ijyb and a kobold.

Vanquished Creatures
  A dart slug (D:1)
  3 endoplasms
  A giant cockroach (D:3)
  4 hobgoblins
  2 kobolds (D:1)
  3 quokkas
  3 ball pythons
  2 bats (D:1)
  A frilled lizard (D:2)
  2 rats
22 creatures vanquished.

Notes
Turn   | Place    | Note
-------+----------+-------------------------------------------
     0 | D:1      | Firecrotchwizard the Hill Orc Monk began the quest for the
                  | Orb.
     0 | D:1      | Reached XP level 1. HP: 19/19 MP: 1/1
   191 | D:1      | Reached XP level 2. HP: 21/27 MP: 2/2
   514 | D:3      | Reached XP level 3. HP: 33/33 MP: 3/3
   552 | D:3      | Noticed Ijyb
   568 | D:3      | Killed from afar by Ijyb

Illustrated notes

Levels and vault maps discovered:
D:1:      dpeg_arrival_oval, layout_rooms, minmay_misc_feat_five, minivault_26,
          minmay_misc_feat_nine_boxes
D:2:      layout_basic, serial_shops, shop
D:3:      layout_basic, serial_shops, nicolae_shop_crystal, nicolae_titane,
          uniq_ijyb

Skill      XL: |  1  2 |
---------------+-------+-----
Fighting       | 4 |  4.0
Axes           | |  4.8
Dodging        | |  2.7

Action                     || total
---------------------------++-------
  Melee: Hand axe          ||    75
 Armour: Robe              ||     7
  Dodge: Dodged            ||    47
